 Dungeon Sprint DCSS version 0.26-a0-1181-gd376ed14c5 (webtiles) character file.

Game seed: 3931284096901312449

114 rocky1 the Transmogrifier (level 4, -3/28 HPs)
             Began as an Octopode Transmuter on Dec 26, 2020.
             Was an Elder of Cheibriados.
             Slain by a wight
             ... wielding a +0 battleaxe
              (7 damage)
             ... in the Dungeon (Sprint VII: "The Pits").
             The game lasted 00:03:18 (709 turns).

rocky1 the Transmogrifier (Octopode Transmuter)      Turns: 709, Time: 00:03:19

Health: -3/28      AC:  1    Str: 19    XL:     4   Next: 97%
Magic:  6/7        EV: 14    Int: 26    God:    Cheibriados [****..]
Gold:   0          SH:  0    Dex: 22    Spells: 6/7 levels left

rFire    . . .     SeeInvis .     - Unarmed
rCold    . . .     Faith    .   (no shield)
rNeg     . . .     Spirit   .   (helmet currently unavailable)
rPois    .         Reflect  .   (no amulet)
rElec    .         Harm     .   (no ring)
rCorr    .         Rampage  .   (no ring)
Will     .....     NoTele   +   (no ring)
Stlth    +++.......             (no ring)
HPRegen  0.09/turn              (no ring)
MPRegen  0.10/turn              (no ring)
                                (no ring)
                                (no ring)

@: appendages, very slightly contaminated, invisible, very slow
A: almost no armour, stealthy swim, amphibious, 8 rings, constrict 8, tentacle
spike 3, camouflage 1, gelatinous body 1
a: End Transformation, Renounce Religion, Bend Time, Temporal Distortion, Slouch


You were in the Dungeon.
You worshipped Cheibriados.
Cheibriados was greatly pleased with you.
One of your tentacles had a temporary spike.
You visited 1 branch

Inventory:

Scrolls
 g - a scroll of blinking
 h - 3 scrolls of remove curse
 i - 5 scrolls of amnesia
 j - a scroll of summoning
Potions
 a - a potion of invisibility
 b - 6 potions of curing
 c - 6 potions of heal wounds
 d - a potion of haste
 e - 4 potions of magic
 f - 3 potions of berserk rage


   Skills:
 - Level 1.0 Fighting
 - Level 2.0 Dodging
 - Level 3.0 Unarmed Combat
 - Level 2.0 Spellcasting
 + Level 9.5 Transmutations


You had 6 spell levels left.
You knew the following spells:

 Your Spells              Type           Power        Failure   Level
a - Beastly Appendage     Tmut           100%         1%          1

Your spell library contained the following spells:

 Spells                   Type           Power        Failure   Level
 Wereblood                Tmut           51%          1%          2
 Spider Form              Tmut/Pois      13%          4%          3
 Blade Hands              Tmut           25%          6%          5
 Ice Form                 Ice/Tmut       27%          14%         4


Dungeon Overview and Level Annotations

Branches:
Dungeon (1/1)

Altars:
Ashenzari
Cheibriados
Dithmenos
Elyvilon
Fedhas
Gozag
Hepliaklqana
Kikubaaqudgha
Makhleb
Nemelex Xobeh
Okawaru
Qazlal
Ru
Sif Muna
Trog
Uskayaw
Vehumet
Wu Jian
Xom
Yredelemnul
Zin
The Shining One
Beogh
Jiyva
Lugonu


Innate Abilities, Weirdness & Mutations

You cannot wear most types of armour.
You are very stealthy in the water. (Stealth+)
You are amphibious.
You can wear up to eight rings at the same time.
You can use your tentacles to constrict eight enemies at once.
Your skin changes colour to match your surroundings (Stealth+).
Your rubbery body absorbs attacks. (AC +1, EV +1)
One of your tentacles bears a large vicious spike.


Message History

A deep elf mage comes into view. It is wielding a +0 short sword.
Casting: Beastly Appendage (safe; 1% risk of failure)
Confirm with . or Enter, or press ? or * to list all spells.
One of your tentacles grows a vicious spike.
The gnoll shouts!
You hear a shout!
A gnoll shaman comes into view. It is wielding a +0 club.
You hear a shout!
The gnoll shouts!
Unknown command.
You fade into invisibility!
You hear a shout!
The wight hits you with a +0 battleaxe!
* * * LOW HITPOINT WARNING * * *
You are very lightly contaminated with residual magic.
Unknown command.
You tentacle-slap the wight but do no damage.
You grab the wight.
Your tentacle spike misses the wight.
You squeeze the wight!
The wight is heavily damaged.
You constrict the wight. The wight hits you with a +0 battleaxe!
You die...

#...........'.....
#'#####'#####.....
#.#..#..#..##.....
#.#..)..'..#####'#
#.##)####)###.....
#.#........##.....
#.#........##.....
#.#####'#####...<.
#@#...)))[.##.....
#z#...)))[.##.....
#e###########.....
#z. ###### #Yz#
#gz. ##g## g. .#


You could see a deep elf mage, an ice beast, a gnoll shaman, 4 wights and 2
gnolls.

Vanquished Creatures
  2 orc wizards (D)
  A worker ant (D)
  A gnoll (D)
  A river rat (D)
  An ufetubus (D)
  A leopard gecko (D)
  3 orcs (D)
  A bat skeleton (D)
  A bat (D)
12 creatures vanquished.

Notes
Turn   | Place    | Note
-------+----------+-------------------------------------------
     0 | D        | rocky1 the Octopode Transmuter began the quest for the Orb.
     0 | D        | Reached XP level 1. HP: 13/13 MP: 3/3
    17 | D        | Reached skill level 4 in Transmutations
    17 | D        | Reached XP level 2. HP: 18/18 MP: 3/5
    43 | D        | Found a bloodstained altar of Trog.
    43 | D        | Found a shimmering blue altar of Sif Muna.
    43 | D        | Found a viscous altar of Jiyva.
    43 | D        | Found a hazy altar of Hepliaklqana.
    43 | D        | Found an opulent altar of Gozag.
    44 | D        | Found a glowing golden altar of the Shining One.
    44 | D        | Found a glowing silver altar of Zin.
    44 | D        | Found a basalt altar of Yredelemnul.
    44 | D        | Found a shimmering altar of Xom.
    44 | D        | Found an ornate altar of the Wu Jian Council.
    44 | D        | Found a sacrificial altar of Ru.
    44 | D        | Found a stormy altar of Qazlal.
    44 | D        | Found an iron altar of Okawaru.
    44 | D        | Found a sparkling altar of Nemelex Xobeh.
    44 | D        | Found a burning altar of Makhleb.
    44 | D        | Found a blossoming altar of Fedhas.
    44 | D        | Found a white marble altar of Elyvilon.
    44 | D        | Found a shadowy altar of Dithmenos.
    44 | D        | Found a snail-covered altar of Cheibriados.
    46 | D        | Found a radiant altar of Vehumet.
    46 | D        | Found a corrupted altar of Lugonu.
    46 | D        | Found a roughly hewn altar of Beogh.
    47 | D        | Found a hide-covered altar of Uskayaw.
    47 | D        | Found an ancient bone altar of Kikubaaqudgha.
    47 | D        | Found a broken altar of Ashenzari.
    55 | D        | Became a worshipper of Cheibriados the Contemplative
    89 | D        | Reached * piety under Cheibriados
    90 | D        | Reached skill level 5 in Transmutations
   386 | D        | Reached ** piety under Cheibriados
   387 | D        | Reached skill level 6 in Transmutations
   387 | D        | Reached XP level 3. HP: 16/23 MP: 4/6
   390 | D        | Reached skill level 7 in Transmutations
   492 | D        | Reached skill level 8 in Transmutations
   492 | D        | Reached XP level 4. HP: 20/28 MP: 5/7
   494 | D        | Reached *** piety under Cheibriados
   495 | D        | Reached skill level 9 in Transmutations
   655 | D        | Reached **** piety under Cheibriados
   705 | D        | Noticed an ice beast
   707 | D        | Noticed a deep elf mage
   709 | D        | Slain by a wight

Illustrated notes

Levels and vault maps discovered:
D:        pitsprint [storerooms_1, entrance_room_1, metal_vault_6, armoury_1,
          mini_pit_1, grid_room_1, main_hall_1, silver_pit, the_coven_1,
          the_vestibule_1, steel_vault_2, golden_pit, hallway_of_sentries,
          crystal_vault_1, iron_vault_1, final_vault]

Skill      XL: |  1  2  3  4 |
---------------+-------------+-----
Transmutations | 4 6 8 9 |  9.5
Fighting       | |  1.0
Dodging        | |  2.0
Unarmed Combat | |  3.0
Spellcasting   | |  2.0

Action                   |  1- 3 |  4- 6 || total
-------------------------+-------+-------++-------
Melee: Unarmed           |    24 |    11 ||    35
       Kick              |     7 |     8 ||    15
       Constrict         |     7 |     6 ||    13
       Tentacles         |     5 |     2 ||     7
 Cast: Beastly Appendage |     4 |     2 ||     6
  Use: Potion            |       |     1 ||     1
 Stab: Sleeping          |     2 |       ||     2
Armor: Skin              |     2 |       ||     2
Dodge: Dodged            |    15 |     2 ||    17

Table legend: (Time is in decaauts)
 A = Elapsed time spent in this place.
 B = Non-inter-level travel time spent in this place.
 C = Inter-level travel time spent in this place.
 D = Time resting spent in this place.
 E = Time spent auto-exploring this place.
 F = Levels seen in this place.
 G = Mean time per level.
                   A        B        C        D        E       F      G
               +--------+--------+--------+--------+--------+-----+--------+
         Total |    751 |    751 |      0 |    529 |      0 |   1 |  751.0 |
       Dungeon |    751 |    751 |      0 |    529 |      0 |   1 |  751.0 |
               +--------+--------+--------+--------+--------+-----+--------+

Top non-repeatable levels by time:
       D: 751 daAuts
